 Dungeon Crawl Stone Soup version 0.24.0-13-gcf9b3192b9 (webtiles) character file.

Game seed: 15244136697533596772, levelgen mode: deterministic

57250 Delamore the Warrior (level 14, -2/140 HPs)
             Began as a Hill Orc Fighter on Nov 10, 2019.
             Was the Champion of Qazlal.
             Slain by an Ice Fiend (12 damage)
             ... in an ice cave.
             The game lasted 00:53:40 (19897 turns).

Delamore the Warrior (Hill Orc Fighter)            Turns: 19897, Time: 00:53:41

Health: -2/140     AC: 22    Str: 30    XL:     14   Next: 85%
Magic:  14/14      EV: 11    Int:  8    God:    Qazlal [******]
Gold:   935        SH:  8    Dex: 16    Spells: 13/13 levels left

rFire    . . .     SeeInvis .   b - +0 trident of Tysuoff {elec, rC+ Str+6}
rCold    + . .     Gourm    .   (no shield)
rNeg     . . .     Faith    .   c - +1 chain mail of the Tick {Str-4 Slay+4} (curse)
rPois    .         Spirit   .   F - +0 helmet
rElec    .         Reflect  .   y - scarf {repulsion}
rCorr    +         Harm     .   p - +2 pair of gloves {Dex+3}
MR       +....     Rnd*Rage +   s - +0 pair of boots
Stlth    ..........             x - amulet of regeneration
HPRegen  0.73/turn              l - ring of resist corrosion
MPRegen  0.14/turn              M - +2 ring of protection

@: mighty, berserk cooldown, slowed, repel missiles, very slow
A: repulsion field 1, agile 1, berserk 2
a: Upheaval, Elemental Force, Disaster Area, Renounce Religion


You were in an ice cave.
You worshipped Qazlal.
Qazlal was exalted by your worship.
You were not hungry.

You visited 6 branches of the dungeon, and saw 21 of its levels.
You also visited: Bailey and Ice Cave.

You collected 1805 gold pieces.
You spent 870 gold pieces at shops.

Inventory:

Hand Weapons
 a - a +4 war axe of flaming
 b - the +0 trident of Tysuoff (weapon) {elec, rC+ Str+6}
   (You found it on level 4 of the Dungeon)

   Occasionally, upon striking a foe, it will discharge some electrical energy
   and cause terrible harm.
   It affects your strength (+6).
   It protects you from cold.
Missiles
 r - 15 curare-tipped darts (quivered)
 C - 7 silver javelins
Armour
 c - the cursed +1 chain mail of the Tick (worn) {Str-4 Slay+4}
   (You bought it in a shop on level 2 of the Orcish Mines)

   It affects your strength (-4).
   It affects your accuracy and damage with ranged weapons and melee attacks
   (+4).
   It has a curse placed upon it.
 p - a +2 pair of gloves of dexterity (worn)
 s - a +0 pair of boots (worn)
 y - a scarf of repulsion (worn)
 A - the +2 ring mail of Guic {rPois rN+ rCorr Int-4}
   (You bought it in a shop on level 5 of the Dungeon)

   It affects your intelligence (-4).
   It protects you from poison.
   It protects you from negative energy.
   It provides partial protection from all sources of acid and corrosion.
 F - a +0 helmet (worn)
 X - the +4 pair of boots of Amelioration {rC- Str+8}
   (You found it on level 1 of the Swamp)

   It affects your strength (+8).
   It makes you vulnerable to cold.
Jewellery
 l - a ring of resist corrosion (left hand)
 x - an amulet of regeneration (around neck)
 M - a +2 ring of protection (right hand)
 O - an uncursed ring of see invisible
 Y - an uncursed ring of ice
 Z - an uncursed ring of protection from fire {unknown}
Wands
 z - a wand of enslavement (10)
 D - a wand of flame (17)
 G - a wand of paralysis (10)
 H - a wand of scattershot (7)
 S - a wand of acid (6)
 W - a wand of polymorph (8)
Scrolls
 e - 8 scrolls of amnesia
 g - a scroll of blinking
 i - 8 scrolls of remove curse
 j - 4 scrolls of enchant armour
 k - 2 scrolls of immolation
 n - 3 scrolls of teleportation
 t - a scroll of magic mapping
 u - 3 scrolls of fear
 I - 2 scrolls of holy word
 P - 4 scrolls of fog
 Q - 3 scrolls of identify
 R - 2 scrolls of noise
Potions
 h - 4 potions of lignification
 m - 5 potions of curing
 o - 2 potions of magic {unknown}
 q - a potion of heal wounds
 v - a potion of agility
 w - 2 potions of flight
 B - 4 potions of cancellation {unknown}
 E - 3 potions of resistance {unknown}
 K - a potion of haste
 L - 3 potions of mutation
 N - 2 potions of ambrosia {unknown}
 T - a potion of brilliance {unknown}
 U - a potion of berserk rage
Miscellaneous
 J - a phial of floods
 V - a sack of spiders
Comestibles
 f - 40 rations


   Skills:
 * Level 17.4 Fighting
 - Level 7.2(15.0) Axes
 + Level 17.3(17.6) Polearms
 + Level 12.2 Armour
   Level 3.2 Shields


You had 13 spell levels left.
You didn't know any spells.
Your spell library contained the following spells:

 Spells                   Type           Power        Failure   Level  Hunger
 Animate Skeleton         Necr           N/A          83%         1    ##.....
 Apportation              Tloc           #.....       83%         1    ##.....
 Confusing Touch          Hex            #.....       83%         1    ##.....
 Pain                     Necr           #...         83%         1    ##.....
 Summon Small Mammal      Summ           #...         83%         1    ##.....
 Call Imp                 Summ           #.......     93%         2    ###....
 Call Canine Familiar     Summ           #.......     99%         3    ####...
 Regeneration             Chrm/Necr      #.........   99%         3    ####...
 Summon Guardian Golem    Hex/Summ       #.......     99%         3    ####...
 Vampiric Draining        Necr           #.........   99%         3    ####...
 Animate Dead             Necr           N/A          100%        4    #####..
 Summon Ice Beast         Ice/Summ       #.......     100%        4    #####..
 Summon Lightning Spire   Summ/Air       #.......     100%        4    #####..


Dungeon Overview and Level Annotations

Branches:
Dungeon (11/15)            Temple (1/1) D:6            Lair (4/6) D:8
  Swamp (2/4) Lair:4       Spider (0/4) Lair:2          Orc (2/2) D:11
    Elf (1/3) Orc:2        Bailey (visited)           IceCv (1/1)

Altars:
Fedhas
Gozag
Makhleb
Nemelex Xobeh
Qazlal
Vehumet
Xom
The Shining One
Beogh
Jiyva

Shops:
D:5 [   Orc:2 [*(=

Annotations:
Lair:2 3 runed translucent doors, Bram's ghost, journeyman KoIE; Shaidar's ghost, journeyman HOFi; Thargor's ghost, journeyman DEFE; Zapai's ghost, journeyman DgAr; bepis228's ghost, journeyman MiBe


Innate Abilities, Weirdness & Mutations

You are surrounded by a mild repulsion field. (EV +2)
You are agile. (Dex +2)
You often lose your temper in combat.


Message History

Your body is wracked with pain!
* * * LOW HITPOINT WARNING * * *
You puncture the Ice Fiend!
The Ice Fiend is severely wounded.
The Ice Fiend gestures at you. The bolt of cold hits you. You resist.
* * * LOW HITPOINT WARNING * * *
You puncture the Ice Fiend!
The Ice Fiend is severely wounded.
The Ice Fiend gestures at you. The bolt of cold hits you! You resist.
* * * LOW HITPOINT WARNING * * *
Evoke which item? (* to show all) (? for menu, Esc to quit)
Aiming: Throw Flame
Press: ? - help, Shift-Dir - straight line, f - Ice Fiend
Aim: an Ice Fiend (severely wounded)
The puff of flame hits the Ice Fiend.
The Ice Fiend is burned terribly!
The Ice Fiend is severely wounded.
You block the Ice Fiend's attack. The Ice Fiend claws you!
You die...

####### ############# ###.....###
#.'.......'.# ##.........#
###.#########.#
##.........####.1.#.#.#.#.#.##
#..........#..#@###'#'#'#'#.8###
##.........#..'.#.'.......#.....
##..........########.8.8.8.#.####
..............#............#.#
........⌠.....'............'.#
..............#............#.#
##..........########.8.8.8.#.#
###.........#4.'.#.'.......#..
#..........#..#.###'#'#'#'#.8#


You could see an Ice Fiend.

Vanquished Creatures
  Jorgrun (Swamp:1)
  2 orc warlords
  Nessos (Lair:4)
  4 hydras
  A catoblepas (Lair:4)
  2 two-headed ogres
  5 alligators (Swamp:1)
  The ghost of lis82 the Destroyer, a novice DgFE (D:8)
  The ghost of Masnef the Cutter, a novice HuEn of Kikubaaqudgha (D:7)
  An orc high priest (Orc:2)
  Urug (D:10)
  A spriggan (Swamp:1)
  An unseen horror (D:11)
  A spriggan druid (Swamp:2)
  A deep elf mage (Orc:2)
  A necromancer (D:10)
  6 orc knights
  4 orc sorcerers
  An orb spider (Lair:2)
  A centaur zombie (D:10)
  4 ice statues
  A gargoyle (D:9)
  8 spiny frogs
  2 rime drakes
  10 ice devils (IceCv)
  2 anaconda simulacra (IceCv)
  2 komodo dragons
  A queen bee (Lair:1)
  4 tyrant leeches
  Grinder (D:6)
  2 hornets
  5 trolls
  5 slime creatures
  4 bog bodies
  3 blink frogs (Lair:4)
  2 wyverns (D:9)
  A dire elephant simulacrum (IceCv)
  A water elemental (Elf:1)
  4 hogs (D:8)
  18 yaks
  Eustachio (D:6)
  2 basilisks
  A human (D:8)
  7 vampire mosquitoes
  A hungry ghost (D:11)
  A steam dragon (Lair:2)
  An iron troll simulacrum (IceCv)
  An acid dragon (D:11)
  5 swamp worms
  3 wargs
  3 harpy simulacra (IceCv)
  3 insubstantial wisps (Swamp:1)
  3 hydra simulacra (IceCv)
  9 porcupines
  8 water moccasins
  6 sky beasts
  2 black bears (Lair:1)
  29 orc warriors
  An eye of draining (D:7)
  5 ice beasts
  5 phantoms
  3 wolves (Lair:2)
  5 crocodiles
  6 centaurs
  8 ogres
  2 big kobolds
  10 bullfrogs
  A wyvern skeleton (D:10)
  5 scorpions
  35 killer bees
  4 wights (D:11)
  An electric eel (Lair:4)
  8 howler monkeys
  2 crimson imps
  10 hounds
  A bullfrog zombie (D:11)
  8 jellies
  2 bullfrog skeletons
  15 orc priests
  23 orc wizards
  4 iguanas
  4 worker ants
  5 polar bear simulacra (D:10)
  2 yak simulacra (D:10)
  A killer bee zombie (D:8)
  A wolf simulacrum (D:10)
  2 worker ant zombies
  19 gnolls
  3 howler monkey skeletons
  11 adders
  5 shadow imps
  3 adder zombies
  3 adder skeletons
  2 worms (D:2)
  8 leopard geckos
  69 orcs
  6 giant cockroaches
  5 goblins
  17 hobgoblins
  19 jackals
  6 quokkas
  A ball python (D:6)
  4 bats
  3 frilled lizards
  A jackal zombie (D:5)
  23 kobolds
  A leopard gecko zombie (D:8)
  A quokka zombie (D:8)
  3 rats
  3 river rat simulacra (D:10)
598 creatures vanquished.

Vanquished Creatures (others)
  An alligator (Swamp:1)
  A hornet (Swamp:1)
  An orc wizard (Orc:2)
  2 orcs
  4 fungi
  2 plants (Lair:3)
11 creatures vanquished.

Grand Total: 609 creatures vanquished

Notes
Turn   | Place    | Note
-------+----------+-------------------------------------------
     0 | D:1      | Delamore the Hill Orc Fighter began the quest for the Orb.
     0 | D:1      | Reached XP level 1. HP: 19/19 MP: 1/1
   108 | D:1      | Reached XP level 2. HP: 26/26 MP: 2/2
   668 | D:2      | Reached XP level 3. HP: 31/31 MP: 3/3
   845 | D:2      | Reached skill level 5 in Axes
  1017 | D:2      | Reached XP level 4. HP: 39/39 MP: 4/4
  1041 | D:2      | Gained mutation: You are weak. (Str -2) [potion of
                  | mutation]
  1041 | D:2      | Gained mutation: You evolve. [potion of mutation]
  1041 | D:2      | Gained mutation: Armour fits poorly on your strangely
                  | shaped body. [potion of mutation]
  1041 | D:2      | Gained mutation: You are surrounded by a mild repulsion
                  | field. (EV +2) [potion of mutation]
  1565 | D:2      | Reached XP level 5. HP: 19/45 MP: 5/5
  1700 | D:2      | Gained mutation: You are agile. (Dex +2) [evolution]
  2987 | D:4      | Noticed a sky beast
  2987 | D:4      | Noticed a phantom
  2998 | D:4      | Got a warped trident
  3053 | D:3      | Lost mutation: Armour fits poorly on your strangely shaped
                  | body. [evolution]
  3271 | D:3      | Identified the +0 trident of Tysuoff {elec, rC+ Str+6} (You
                  | found it on level 4 of the Dungeon)
  3292 | D:4      | Killed a phantom
  3292 | D:4      | Reached XP level 6. HP: 32/51 MP: 6/6
  3297 | D:4      | Killed a sky beast
  3625 | D:4      | Noticed a phantom
  3668 | D:4      | Killed a phantom
  3668 | D:4      | Reached skill level 5 in Polearms
  3668 | D:4      | Reached XP level 7. HP: 57/57 MP: 7/7
  4044 | D:4      | Gained mutation: You tend to lose your temper in combat.
                  | [evolution]
  4355 | D:5      | Entered Level 5 of the Dungeon
  4596 | D:5      | Found Fivvah's Antique Armour Boutique.
  4620 | D:5      | Reached XP level 8. HP: 64/64 MP: 8/8
  5245 | D:6      | Reached skill level 10 in Polearms
  5376 | D:6      | Noticed Eustachio
  5393 | D:6      | Killed Eustachio
  5393 | D:6      | Reached XP level 9. HP: 63/70 MP: 9/9
  5513 | D:6      | Found a staircase to the Ecumenical Temple.
  5837 | D:6      | Noticed Grinder
  5842 | D:6      | Paralysed by Grinder for 3 turns
  5848 | D:6      | Killed Grinder
  5876 | Temple   | Entered the Ecumenical Temple
  5887 | Temple   | Became a worshipper of Qazlal Stormbringer
  6078 | D:5      | Bought an ancient ring mail for 216 gold pieces
  6088 | D:5      | Identified the +2 ring mail of Guic {rPois rN+ rCorr Int-4}
                  | (You bought it in a shop on level 5 of the Dungeon)
  6853 | D:7      | Found a runed translucent gate.
  6853 | D:7      | Found a runed translucent gate.
  6853 | D:7      | Found an opulent altar of Gozag.
  6853 | D:7      | Found a runed translucent gate.
  6853 | D:7      | Noticed Masnef's ghost (novice HuEn)
  6882 | D:7      | Killed Masnef's ghost
  6882 | D:7      | Reached XP level 10. HP: 75/77 MP: 10/10
  7093 | D:8      | Reached * piety under Qazlal
  7123 | D:8      | Found a staircase to the Lair.
  7188 | D:8      | Found a sparkling altar of Nemelex Xobeh.
  7302 | D:8      | Reached skill level 5 in Fighting
  7352 | D:8      | Reached ** piety under Qazlal
  7447 | D:8      | Found a runed translucent gate.
  7447 | D:8      | Found a runed translucent gate.
  7447 | D:8      | Found a runed translucent gate.
  7498 | D:8      | Noticed lis82's ghost (novice DgFE)
  7499 | D:8      | Found a viscous altar of Jiyva.
  7781 | D:8      | Killed lis82's ghost
  7781 | D:8      | Reached skill level 5 in Armour
  8033 | D:9      | Noticed a two-headed ogre
  8045 | D:9      | Killed a two-headed ogre
  8045 | D:9      | Reached XP level 11. HP: 80/94 MP: 11/11
  8472 | D:9      | Reached *** piety under Qazlal
  8821 | D:10     | Entered Level 10 of the Dungeon
  8834 | D:10     | Gained mutation: You often lose your temper in combat.
                  | [evolution]
  8921 | D:10     | Noticed Urug
  8948 | D:10     | Killed Urug
  8963 | D:10     | Found a flagged portal.
  8972 | Bailey   | Entered a bailey
  9273 | Bailey   | Reached **** piety under Qazlal
  9353 | Bailey   | Noticed an orc knight
  9361 | Bailey   | Killed an orc knight
  9361 | Bailey   | Reached skill level 10 in Fighting
  9855 | D:10     | Lost mutation: You are weak. (Str -2) [evolution]
 10008 | D:10     | Noticed a necromancer
 10023 | D:10     | Killed a necromancer
 10275 | D:10     | Identified a scroll of acquirement
 10276 | D:10     | Got a heavily runed chain mail
 10287 | D:10     | Identified the +6 chain mail "Nuzxehaq" {Int+7} (You
                  | acquired it on level 10 of the Dungeon)
 10321 | D:11     | Noticed a two-headed ogre
 10330 | D:11     | Killed a two-headed ogre
 10330 | D:11     | Reached skill level 15 in Polearms
 10343 | D:11     | Killed an unseen horror
 10359 | D:11     | Reached XP level 12. HP: 86/110 MP: 12/12
 10598 | D:11     | Reached ***** piety under Qazlal
 10946 | D:11     | Found a staircase to the Orcish Mines.
 11338 | Orc:1    | Entered Level 1 of the Orcish Mines
 11364 | Orc:1    | Noticed an orc warlord
 11687 | D:11     | Killed an orc warlord
 12256 | Orc:1    | Found a roughly hewn altar of Beogh.
 12603 | Orc:2    | Entered Level 2 of the Orcish Mines
 12675 | Orc:2    | Lost mutation: You often lose your temper in combat.
                  | [evolution]
 12675 | Orc:2    | Lost mutation: You evolve. [end of evolution]
 12688 | Orc:2    | Reached ****** piety under Qazlal
 12793 | Orc:2    | Noticed an orc warlord
 12834 | Orc:2    | Killed an orc warlord
 12834 | Orc:2    | Reached XP level 13. HP: 37/123 MP: 13/13
 12881 | Orc:2    | Paralysed by an orc sorcerer for 5 turns
 12890 | Orc:2    | Gained mutation: You often lose your temper in combat. [a
                  | neqoxec]
 12924 | Orc:2    | Found a roughly hewn altar of Beogh.
 12971 | Orc:2    | Reached skill level 10 in Armour
 13373 | Orc:2    | Found Keredece's Jewellery Shoppe.
 13398 | Orc:2    | Found Wintyl's General Store.
 13404 | Orc:2    | Found Lut Ezxe's Antique Armour Shoppe.
 13520 | Orc:2    | Found Topsiuxu's Antique Weapon Shoppe.
 13560 | Orc:2    | Bought a potion of heal wounds for 60 gold pieces
 13576 | Orc:2    | Bought a heavily runed chain mail for 332 gold pieces
 13586 | Orc:2    | Identified the +8 chain mail of Yvuroina {*Slow MR+++ rCorr
                  | SInv} (You bought it in a shop on level 2 of the Orcish
                  | Mines)
 13651 | Orc:2    | Bought the cursed +1 chain mail of the Tick {Str-4 Slay+4}
                  | for 262 gold pieces
 13798 | Orc:2    | Found a roughly hewn altar of Beogh.
 14007 | Orc:2    | Found a staircase to the Elven Halls.
 14084 | Elf:1    | Entered Level 1 of the Elven Halls
 14098 | Elf:1    | Noticed a deep elf demonologist
 14101 | Elf:1    | Noticed a Brimstone Fiend
 14102 | Elf:1    | Noticed a cacodemon
 14304 | Lair:1   | Entered Level 1 of the Lair of Beasts
 15175 | Lair:2   | Reached skill level 15 in Fighting
 15501 | Lair:2   | Found a hole to the Spider Nest.
 15914 | Lair:2   | Found a runed translucent gate.
 15914 | Lair:2   | Found a runed translucent gate.
 15914 | Lair:2   | Found a runed translucent gate.
 15917 | Lair:2   | Noticed Shaidar's ghost (journeyman HOFi)
 15917 | Lair:2   | Noticed Zapai's ghost (journeyman DgAr)
 15918 | Lair:2   | Noticed Thargor's ghost (journeyman DEFE)
 15935 | Lair:2   | Noticed bepis228's ghost (journeyman MiBe)
 15935 | Lair:2   | Noticed Bram's ghost (journeyman KoIE)
 16904 | Lair:4   | Noticed Nessos
 16920 | Lair:4   | Killed Nessos
 17002 | Lair:4   | Found a staircase to the Swamp.
 17050 | Lair:4   | Reached XP level 14. HP: 136/136 MP: 14/14
 17884 | Swamp:1  | Entered Level 1 of the Swamp
 18204 | Swamp:1  | Got a pair of ancient boots
 18215 | Swamp:1  | Identified the +4 pair of boots of Amelioration {rC- Str+8}
                  | (You found it on level 1 of the Swamp)
 18550 | Swamp:1  | Noticed Jorgrun
 18569 | Swamp:1  | Killed Jorgrun
 19301 | Swamp:2  | Found a frozen archway.
 19339 | IceCv    | Entered an ice cave
 19888 | IceCv    | Noticed an Ice Fiend
 19897 | IceCv    | Slain by an Ice Fiend

Levels and vault maps discovered:
D:1:      erik_arrival_blinker_ship, layout_loops_ring
D:2:      layout_loops_cross
D:3:      layout_loops_corners, first_ration
D:4:      layout_loops_ring, kennysheep_path_1, minmay_misc_feat_alley,
          minmay_curled_crystal
D:5:      layout_gridville, serial_shops, nicolae_shop_crystal
D:6:      layout_basic, minmay_temple_entry_offerings, uniq_eustachio,
          uniq_grinder
D:7:      layout_cave_pools, ebering_ghost_gozag
D:8:      layout_cave_pools, kennysheep_little_box, lair_entry_dummy,
          gammafunk_ghost_ooze, grunt_livestock
D:9:      layout_irregular_city, hangedman_decor_riveting, grunt_tough_drop
D:10:     layout_basic, enter_bailey_2, eino_house_with_fridge, uniq_urug
D:11:     layout_long_grid, orc_0_dummy, serial_glass, glass_columns_b,
          glass_columns_a, item_on_display_a, minmay_strange_pillars,
          minmay_strange_pillars
Temple:   regret_index_temple_sigil_plot
Lair:1:   layout_roguey [special_room_bee]
Lair:2:   layout_cave_pods, nicolae_spider_entry_orb_guardian,
          gammafunk_ghost_cemetery, infiniplex_staircase_pool_2,
          grunt_megastairs_5
Lair:3:   layout_regular_city, chequers_serial_rivers_large_a
Lair:4:   layout_cave_pods, nicolae_swamp_entry_splash_gauntlet, uniq_nessos
Swamp:1:  layout_basic_swamp, nicolae_swamp_feature_on_the_river_bank,
          swamp_pool4, statue_in_the_mist_lemuel, infiniplex_staircase_pool,
          uniq_jorgrun
Swamp:2:  layout_basic_swamp, portal_ice_cave_entry_ice_statue_two,
          serial_swamp_ruin, evilmike_swamp_ruin_rubble_1,
          evilmike_swamp_ruin_wall, uniq_frances
Orc:1:    layout_caves, basic_altar, nicolae_orc_damp_corner
Orc:2:    grunt_orc_cross, layout_caves, basic_altar
Elf:1:    layout_gridlike, minmay_elf_demonology, nooodl_food_tri,
          minmay_shoptagon
IceCv:    ice_cave_tombish

Skill      XL: |  1  2  3  4  5  6  7  8  9 10 11 12 13 14 |
---------------+-------------------------------------------+-----
Axes           | 3 4 5 6 7 |  7.2
Polearms       | 2 5 7 10 13 14 15 16 17 | 17.3
Fighting       | 7 11 13 15 17 | 17.4
Armour         | 5 7 9 11 12 | 12.2
Shields        | |  3.2

Action                   |  1- 3 |  4- 6 |  7- 9 | 10-12 | 13-15 || total
-------------------------+-------+-------+-------+-------+-------++-------
Melee: War axe           |    77 |   102 |       |       |       ||   179
       Trident           |       |    45 |   321 |   876 |   720 ||  1962
Throw: Throwing net      |       |       |       |       |     2 ||     2
Evoke: Wand              |       |       |       |       |     1 ||     1
  Use: Potion            |       |     3 |     1 |     2 |     7 ||    13
       Scroll            |       |     4 |     1 |    16 |     3 ||    24
  Eat: Chunk             |       |     8 |    10 |    18 |    18 ||    54
       Ration            |       |       |       |     1 |     2 ||     3
Armor: Scale mail        |    42 |    17 |       |       |       ||    59
       Plate armour      |       |    46 |    95 |       |       ||   141
       Ring mail         |       |       |    62 |   142 |    13 ||   217
       Chain mail        |       |       |       |       |   262 ||   262
Dodge: Dodged            |    20 |    37 |    99 |   166 |   240 ||   562
       Deflected         |       |       |     1 |    21 |    15 ||    37
Block: Shield            |    36 |    79 |   134 |   253 |       ||   502
       Other             |       |       |       |    65 |   200 ||   265
